 Dungeon Crawl Stone Soup version 0.20.1-1-g8b1a95d (webtiles) character file.

13 Folque the Magician (level 2, -1/18 HPs)
             Began as an Octopode Wizard on Nov 16, 2017.
             Killed from afar by Natasha (5 damage)
             ... with a magic dart
             ... on level 2 of the Dungeon.
             The game lasted 00:01:40 (867 turns).

Folque the Magician (Octopode Wizard)                Turns: 867, Time: 00:01:41

Health: -1/18      AC:  1    Str:  6    XL:     2   Next: 37%
Magic:  6/6        EV: 13    Int: 20    God:
Gold:   13         SH:  0    Dex: 10    Spells: 2/7 levels left

rFire    . . .     SeeInvis .   e - +0 mace
rCold    . . .     Gourm    .   (no shield)
rNeg     . . .     Faith    .   a - +0 hat
rPois    .         Spirit   .   (no amulet)
rElec    .         Reflect  .   (no ring)
rCorr    .         Harm     .   (no ring)
MR       .....                  (no ring)
Stlth    +++.......             (no ring)
Regen    0.1/turn               (no ring)
MPRegen  0.1/turn               (no ring)
                                (no ring)
                                (no ring)

@: no status effects
A: almost no armour, stealthy swim, amphibious, 8 rings, constrict 8, camouflage
1, gelatinous body 1
a: no special abilities


You were on level 2 of the Dungeon.
You were not hungry.

You visited 1 branch of the dungeon, and saw 2 of its levels.

You collected 13 gold pieces.

Inventory:

Hand Weapons
 d - a +0 dagger
 e - a +0 mace (weapon)
Missiles
 l - 2 throwing nets (quivered)
Armour
 a - a +0 hat (worn)
Jewellery
 g - an uncursed amulet of rage {unknown}
 i - a +5 ring of dexterity {unknown}
 j - an uncursed ring of protection from magic {unknown}
Scrolls
 h - a scroll of identify {unknown}
Potions
 k - a potion of berserk rage {unknown}
Books
 b - a book of Minor Magic

   Spells                             Type                      Level
   a - Magic Dart                     Conjuration                  1
   b - Blink                          Translocation                2
   c - Call Imp                       Summoning                    2
   d - Slow                           Hexes                        2
   e - Conjure Flame                  Conjuration/Fire             3
   f - Mephitic Cloud                 Conjuration/Poison/Air       3
Comestibles
 c - a bread ration
 f - 3 chunks of flesh


   Skills:
 * Level 1.6 Fighting
 - Level 2.0 Dodging
 - Level 2.6 Stealth
 + Level 3.1 Spellcasting
 - Level 1.0 Conjurations
 - Level 1.0 Summonings
 - Level 1.0 Translocations


You had 2 spell levels left.
You knew the following spells:

 Your Spells              Type           Power        Failure   Level  Hunger
a - Magic Dart            Conj           #...         10%         1    None
b - Call Imp              Summ           #.......     14%         2    ##.....
c - Blink                 Tloc           N/A          14%         2    ##.....


Dungeon Overview and Level Annotations

Branches:
Dungeon (2/15)

Altars:
Qazlal

Annotations:
D:2 Natasha


Innate Abilities, Weirdness & Mutations

You cannot wear most types of armour.
You are very stealthy in the water. (Stealth+)
You are amphibious.
You can wear up to eight rings at the same time.
You can use your tentacles to constrict eight enemies at once.
Your skin changes colour to match your surroundings (Stealth+).
Your rubbery body absorbs attacks. (AC +1, EV +1)


Message History

Found 2 throwing nets.
Natasha, Servant of Life and Death comes into view.
You see here 2 throwing nets.
l - 2 throwing nets Natasha stares at you and mumbles some strange words.
The magic dart hits you!
You hit Natasha. Your grab misses Natasha.
Natasha is lightly wounded.
Natasha claws you but does no damage.
You hit Natasha. You grab Natasha.
Natasha is moderately wounded.
You constrict Natasha, but do no damage.
Natasha claws you. x2
* * * LOW HITPOINT WARNING * * *
You hit Natasha.
Natasha is severely wounded.
You constrict Natasha.
Natasha stares at you and mumbles some strange words.
The magic dart hits you!
You die...

# #.####### #.h@....#
#######.# #.# ###
########.# ..#
.........###### ..#
######......... ..#
#...##.##### .#######
###.#.##.#
.......########...ยง......


You could see Natasha.

Vanquished Creatures
  A leopard gecko (D:1)
  A ball python (D:1)
  A bat (D:1)
  2 giant cockroaches (D:1)
  A hobgoblin (D:2)
  3 kobolds (D:1)
  2 rats (D:1)
11 creatures vanquished.

Notes
Turn   | Place    | Note
-------+----------+-------------------------------------------
     0 | D:1      | Folque the Octopode Wizard began the quest for the Orb.
     0 | D:1      | Reached XP level 1. HP: 11/11 MP: 4/4
   242 | D:1      | Reached skill level 1 in Fighting
   303 | D:1      | Reached XP level 2. HP: 12/18 MP: 6/6
   310 | D:1      | Learned a level 2 spell: Call Imp
   313 | D:1      | Learned a level 2 spell: Blink
   851 | D:2      | Found a stormy altar of Qazlal.
   859 | D:2      | Noticed Natasha
   867 | D:2      | Killed from afar by Natasha

Skill      XL: |  1 |
---------------+----+-----
Fighting       | 1 |  1.6
Dodging        | |  2.0
Stealth        | |  2.6
Spellcasting   | |  3.1
Conjurations   | |  1.0
Summonings     | |  1.0
Translocations | |  1.0

Action                   || total
-------------------------++-------
Melee: Mace              ||    20
       Constrict         ||     6
       Unarmed           ||     2
       Tentacles         ||     2
       Dagger            ||     1
  Use: Scroll            ||     1
 Stab: Sleeping          ||     4
Armor: Skin              ||     2
Dodge: Dodged            ||    11
